Map: Torres crepusculares

Players

Leonid

  • Race: Terran Terran

xXkazperXx - Winner!

  • Race: Zerg Zerg
  • League: Bronze

VOD

Have the link to the VOD?

Description

Time

  • Played on: April 8, 2016, 8:49 p.m.
  • Length: 15:50
Show
View Real Time Build Order
Export as new Build Order

Leonid Terran 

Build Orders: Bio Tank 

Get SALT Encoding   

  12  0:02  SCV  
  13  0:25  Supply Depot  
  13  0:28  SCV  
  14  0:40  SCV  
  15  0:50  Barracks  
  15  0:53  SCV  
  16  0:59  Supply Depot  
  16  1:05  SCV  
  17  1:17  SCV  
  18  1:21  Refinery  
  18  1:29  SCV  
  19  1:39  Marine  
  20  1:41  Supply Depot, SCV  
  21  1:53  Refinery, SCV  
  22  1:57  Marine  
  23  2:05  SCV  
  24  2:30  Barracks  
  24  2:34  SCV  
  24  2:36  Factory  
  25  2:40  Reaper  
  26  2:46  SCV  
  27  2:58  SCV  
  28  3:12  Reaper  
  29  3:15  Supply Depot  
  29  3:29  Barracks Tech Lab  
  29  3:31  Factory Tech Lab  
  29  3:50  Barracks  
  27  4:18  Marine  
  28  4:28  Bunker  
  28  4:29  Siege Tank  
  31  4:35  Marine  
  31  4:38  Supply Depot  
  32  4:41  Factory  
  32  4:53  Marine  
  33  5:01  Siege Tank  
  33  5:07  Bunker  
  36  5:09  Stimpack  
  36  5:11  Marine x2  
  38  5:29  Marine  
  38  5:33  Siege Tank  
  42  5:47  Marine  
  42  5:48  Bunker  
  43  5:54  Hellion  
  45  6:05  Marine  
  46  6:11  Siege Tank  
  46  6:15  Hellion  
  51  6:26  Supply Depot  
  51  6:39  Command Center  
  51  6:43  Siege Tank  
  54  6:49  Supply Depot  
  54  7:09  Combat Shields  
  54  7:13  Supply Depot  
  54  7:15  Siege Tank  
  55  7:29  Factory Tech Lab  
  53  7:36  Supply Depot  
  53  7:41  Supply Depot  
  53  7:48  Siege Tank, Starport  
  56  8:08  Engineering Bay  
  56  8:20  Siege Tank  
  56  8:23  Armory  
  59  9:06  Command Center  
  59  9:12  Refinery  
  59  9:17  Marine  
  60  9:31  Missile Turret  
  60  9:35  Marine, Missile Turret  
  61  9:39  Siege Tank  
  59  9:53  Marine  
  57  10:11  Marine, Siege Tank  
  61  10:14  Missile Turret  
  61  10:17  Missile Turret  
  55  10:28  Marine  
  56  10:54  Missile Turret  
  56  10:59  Marine  
  57  11:14  Missile Turret  
  55  11:33  Missile Turret  
  25  15:02  Viking  
Show
View Real Time Build Order
Export as new Build Order

xXkazperXx Zerg - Winner!

Build Orders: Pool First, Lurkers 

Get SALT Encoding   

  12  0:02  Drone  
  13  0:09  Drone  
  14  0:17  Overlord  
  14  0:35  Spawning Pool  
  13  0:38  Drone  
  14  0:47  Extractor, Drone  
  14  0:48  Drone  
  15  1:01  Drone x2  
  17  1:24  Roach Warren, Drone x2  
  18  1:27  Queen  
  20  1:41  Drone  
  21  1:48  Zergling x2  
  22  1:58  Overlord  
  22  2:17  Roach  
  22  2:18  Roach  
  26  2:29  Zergling x2  
  27  2:37  Roach  
  27  2:39  Overlord  
  29  2:58  Roach x3  
  35  3:03  Extractor  
  34  3:11  Lair  
  34  3:13  Roach  
  34  3:19  Drone x2  
  38  3:21  Overlord  
  38  3:41  Roach  
  38  3:42  Roach  
  43  3:55  Zergling x2  
  43  3:56  Zergling x2  
  44  4:18  Roach  
  44  4:21  Overlord x2  
  46  4:39  Drone x2  
  46  4:41  Hydralisk Den  
  47  4:50  Hatchery  
  45  5:04  Ravager x2  
  43  5:46  Burrow  
  43  5:48  Drone x3  
  43  5:49  Drone  
  47  6:01  Muscular Augments, Tunneling Claws  
  47  6:03  Metabolic Boost  
  47  6:19  Drone x2  
  47  6:22  Extractor  
  48  6:36  Roach x4  
  48  6:37  Roach x2, Hydralisk x2  
  64  7:08  Spire  
  63  7:44  Hydralisk  
  63  7:45  Hydralisk  
  63  7:47  Overlord x2  
  63  7:48  Drone  
  68  8:00  Infestation Pit  
  67  8:17  Drone x6  
  73  8:20  Mutalisk x4  
  81  9:12  Lurker Den  
  81  9:14  Drone x3  
  81  9:16  Overlord  
  84  9:22  Extractor  
  83  10:23  Hydralisk x4  
  81  10:48  Lurker  
  81  10:49  Lurker x3  
  85  10:52  Mutalisk x3  
  85  10:54  Overlord x2  
  85  10:55  Overlord  
  91  11:12  Hatchery  
  88  12:05  Evolution Chamber  
  88  12:06  Drone  
  88  12:07  Drone x2  
  90  12:09  Corruptor x2  
  90  12:10  Corruptor x4  
  90  12:13  Hive  
  102  12:22  Drone  
  103  12:24  Drone  
  103  12:26  Drone  
  99  14:13  Greater Spire  
  99  14:15  Roach x3  
  99  14:16  Roach x2  
  107  14:26  Drone x3  
  107  14:29  Extractor  
  107  14:30  Drone x5  
  107  14:31  Drone  
  115  14:38  Queen  
  115  14:39  Queen  
  115  14:41  Overlord  
  119  14:48  Hatchery  
Tags
 
Add a new tag
Caveats
  • Supply blocks, unpowered buildings, or Contaminate may cause inaccurate times.
  • Supply counts are checked every 10 seconds.